 Dungeon Crawl Stone Soup version 0.18-a0-1611-g00361b8 (webtiles) character file.

10600 Oddball22 the Thaumaturge (level 11, -7/79 HPs)
             Began as a Vine Stalker Necromancer on Mar 23, 2016.
             Was an Elder of Kikubaaqudgha.
             Killed from afar by Erica (8 damage)
             ... with a bolt of poison
             ... on level 1 of the Lair of Beasts.
             The game lasted 01:05:28 (11615 turns).

Oddball22 the Thaumaturge (VSNe)                   Turns: 11615, Time: 01:05:29

Health: -7/79      AC: 25    Str: 11    XL:     11   Next: 64%
Magic:  0/27       EV:  2    Int: 20    God:    Kikubaaqudgha [****..]
Gold:   845        SH:  3    Dex: 15    Spells: 10 memorised, 4 levels left

rFire  . . .     SeeInvis .     D - +4 quarterstaff (chaos)
rCold  . . .     Gourm    .     (armour currently unavailable)
rNeg   + + +     Faith    .     (shield currently unavailable)
rPois  +         Spirit   +     (helmet currently unavailable)
rElec  .         Dismiss  .     (cloak currently unavailable)
rCorr  .         Reflect  +     (gloves currently unavailable)
SustAt .         Harm     .     (boots currently unavailable)
MR     +....     NoTele   +     z - +3 amulet of reflection
Stlth  +++.......               S - +3 ring of evasion
                                g - +2 ring of intelligence

@: lethally poisoned (-7 -> -7), tree-form, slowed, very slow, somewhat
resistant to hostile enchantments, fairly stealthy
A: (fangs 0), (poison resistance), regeneration 2, magic shield, (antimagic
bite), no device heal 3, rot immunity
a: Receive Corpses, Renounce Religion


You were on level 1 of the Lair of Beasts.
You worshipped Kikubaaqudgha.
Kikubaaqudgha was greatly pleased with you.
You were not hungry.
You were a tree.
You visited 3 branches of the dungeon, and saw 14 of its levels.
You also visited: Ossuary.

You collected 845 gold pieces.

Inventory:

Hand Weapons
 w - a +0 blowgun
 y - a +2 scythe of freezing
 D - a +4 quarterstaff of chaos (weapon)
Missiles
 x - 59 poisoned needles
 B - 7 curare-tipped needles
Armour
 d - a +1 robe of cold resistance (melded)
 i - a +0 pair of gloves (melded)
 E - a cursed +0 cloak (melded)
Jewellery
 g - a +2 ring of intelligence (left branch)
 s - an uncursed amulet of dismissal
 z - a +3 amulet of reflection (around neck)
 C - an uncursed amulet of magic regeneration
 S - a +3 ring of evasion (right branch)
Wands
 a - a wand of acid (4/15)
 j - a wand of slowing (30/48)
 q - a wand of confusion (36/48)
 I - a wand of confusion (23/48)
 P - a wand of polymorph (18/24)
 Z - a wand of paralysis (10/24)
Scrolls
 e - 3 scrolls of remove curse
 f - 2 scrolls of fog
 h - 7 scrolls of identify
 m - a scroll of fear
 n - 6 scrolls of magic mapping {unknown}
 p - a scroll of enchant armour {unknown}
 r - a scroll of amnesia
 W - a scroll of teleportation
 Y - a scroll of blinking
Potions
 l - 6 potions of curing
 o - 2 potions of berserk rage
 u - 4 potions of haste
 F - 2 potions of brilliance
 G - a potion of might
 H - a potion of cure mutation
 J - 3 potions of lignification
 K - 2 potions of magic
 L - 2 potions of resistance
 M - 2 potions of mutation
 U - a potion of ambrosia
 X - a potion of cancellation {unknown}
Books
 b - a book of Necromancy

   Spells                             Type                      Level
   a - Pain                           Necromancy                   1
   b - Animate Skeleton               Necromancy                   1
   c - Vampiric Draining              Necromancy                   3
   d - Regeneration                   Charms/Necromancy            3
   e - Animate Dead                   Necromancy                   4
   f - Control Undead                 Necromancy                   4
 t - a book of Callings

   Spells                             Type                      Level
   a - Summon Small Mammal            Summoning                    1
   b - Call Imp                       Summoning                    2
   c - Call Canine Familiar           Summoning                    3
   d - Summon Guardian Golem          Hexes/Summoning              3
   e - Summon Lightning Spire         Summoning/Air                4
   f - Summon Ice Beast               Ice/Summoning                4
 A - Kikubaaqudgha's Incunabulum of Unholy Arts
   (Kikubaaqudgha gifted it to you on level 10 of the Dungeon)

   Spells                             Type                      Level
   a - Animate Dead                   Necromancy                   4
   b - Excruciating Wounds            Charms/Necromancy            5
   c - Cigotuvi's Embrace             Necromancy                   5
   d - Dispel Undead                  Necromancy                   5
   e - Death Channel                  Necromancy                   6
 Q - Kikubaaqudgha's Volume of Evil
   (Kikubaaqudgha gifted it to you on level 7 of the Dungeon)

   Spells                             Type                      Level
   a - Animate Skeleton               Necromancy                   1
   b - Corpse Rot                     Necromancy                   2
   c - Sublimation of Blood           Necromancy                   2
   d - Vampiric Draining              Necromancy                   3
   e - Control Undead                 Necromancy                   4
Comestibles
 c - 13 bread rations
 k - 11 meat rations
 v - 6 chunks of flesh
 N - 5 beef jerkies
 R - 9 slices of pizza
 V - 9 fruits


   Skills:
 - Level 3.7 Fighting
 + Level 7.3 Dodging
 - Level 2.4 Stealth
 - Level 0.6 Unarmed Combat
 * Level 11.2 Spellcasting
 - Level 6.0 Summonings
 + Level 9.6 Necromancy


You had 4 spell levels left.
You knew the following spells:

 Your Spells              Type           Power        Failure   Level  Hunger
a - Pain                  Necr           ####         1%          1    None
b - Animate Skeleton      Necr           N/A          1%          1    None
c - Vampiric Draining     Necr           #####.....   1%          3    None
d - Regeneration          Chrm/Necr      ####......   2%          3    None
e - Animate Dead          Necr           N/A          1%          4    ##.....
f - Control Undead        Necr           #####.....   1%          4    ##.....
g - Call Canine Familiar  Summ           #####...     1%          3    None
h - Corpse Rot            Necr           N/A          1%          2    None
i - Sublimation of Blood  Necr           #####.....   1%          2    None
j - Cigotuvi's Embrace    Necr           #####.....   4%          5    ####...


Dungeon Overview and Level Annotations

Branches:
Dungeon (11/15)            Temple (1/1) D:5            Lair (2/8) D:8
    Orc: D:9-12

Altars:
Ashenzari
Cheibriados
Dithmenos
Gozag
Kikubaaqudgha
Makhleb
Nemelex Xobeh
Okawaru
Pakellas
Qazlal
Ru
Sif Muna
Yredelemnul
Zin

Shops:
D:4 %

Annotations:
Lair:1 Erica


Innate Abilities, Weirdness & Mutations

((You have razor-sharp teeth.))
You heal very quickly.
When hurt, damage is shared between your health and your magic reserves.
((Your bite disrupts and absorbs the magic of your enemies.))
Potions and wands cannot restore your health.
You are immune to rotting.
((Your system is resistant to poisons.))


Message History

Your cursed +0 cloak melds into your body.
Your +0 pair of gloves melds into your body.
Your +1 robe of cold resistance melds into your body.
You feel less resistant to cold.
Your roots penetrate the ground.
* * * LOW HITPOINT WARNING * * *
You feel sick. Something hits you but does no damage.
You barely miss something.
* * * LOW HITPOINT WARNING * * *
You feel sick.
Something hits you but does no damage. x2
You closely miss something.
* * * LOW HITPOINT WARNING * * *
You feel sick. Something hits you but does no damage.
You closely miss something.
* * * LOW HITPOINT WARNING * * *
You feel sick.
You hear some strange, mumbled words.
A bolt of poison appears from out of thin air!
The bolt of poison hits you! You resist.
You die...
Kikubaaqudgha rasps: "You have failed me!
Welcome... death!"

....#..P####.....#.......#.......
.................+.......#.......
....#......#.....#.......#....#..
....#......#.............#....P..
....#............+...............
.<..#......P.....#.......#.......
..†.#.####.#.............#....#..
................{...............P
................♣..##.##+........
..........................)......
.................................
................>................
...............#..P##.###.P...#+.
...P...........#..........#......
.......###P....#..............#..
.......P###...............P...#..
.........##....#.................


There were no monsters in sight!

Vanquished Creatures
  A hill giant (D:10)
  A spiny frog (Lair:2)
  A rime drake (Lair:2)
  A two-headed ogre (D:10)
  Grinder (D:3)
  4 blink frogs (Lair:1)
  Sigmund (D:3)
  A human (D:7)
  3 hippogriffs
  A steam dragon (D:7)
  2 water moccasins (Lair:1)
  4 porcupines
  2 phantoms
  7 orc warriors
  3 sky beasts
  2 black bears
  The ghost of epen the Ruffian, an amateur DrMo of Nemelex Xobeh (D:3)
  A wasp (D:8)
  3 ogres
  6 wolves
  5 crocodiles
  7 centaurs
  5 giant frogs
  A scorpion (D:7)
  2 water moccasin skeletons (D:7)
  A howler monkey (D:9)
  7 wights
  An electric eel (D:6)
  4 crimson imps
  2 giant frog zombies
  A centaur zombie (D:8)
  A centaur skeleton (D:7)
  3 orc priests
  A giant frog skeleton (D:8)
  A gnoll shaman (D:4)
  6 hounds
  Crazy Yiuf (D:5)
  9 iguanas
  3 orc wizards
  5 worker ants
  Natasha (thrice) (D:3)
  Terence (D:3)
  6 sheep
  A hound skeleton (D:6)
  7 mummies (Ossuary)
  3 worker ant zombies
  4 gnolls
  A howler monkey skeleton (D:10)
  11 adders
  15 river rats
  3 shadow imps
  An ooze (D:3)
  An adder skeleton (D:3)
  A worm (D:2)
  A dart slug (D:2)
  5 giant geckos
  21 orcs
  5 bats
  8 giant cockroaches
  A gnoll zombie (Ossuary)
  4 hobgoblins
  11 jackals
  4 quokkas
  3 ball pythons
  2 giant newts
  4 goblins
  A hobgoblin zombie (Ossuary)
  A jackal skeleton (D:4)
  8 kobolds
  A kobold zombie (Ossuary)
  6 rats
256 creatures vanquished.

Vanquished Creatures (collateral kills)
  Harold (Lair:2)
  A hydra (Lair:2)
  A spiny frog (Lair:2)
  A yak (D:7)
  A soldier ant (D:10)
  2 water moccasins
  2 porcupines (Lair:1)
  An orc warrior (D:9)
  4 ogres
  A wolf (Lair:2)
  2 crocodiles (Lair:1)
  2 giant frogs
  A wyvern skeleton (D:8)
  A wight (D:11)
  A crimson imp (D:10)
  A giant frog zombie (D:10)
  An orc priest (D:9)
  An iguana (Lair:1)
  3 sheep
  A mummy (Ossuary)
  8 river rats
  3 orcs
  A gnoll zombie (Ossuary)
  A jackal (D:3)
  A hobgoblin zombie (Ossuary)
  A kobold zombie (Ossuary)
  2 orc zombies (Ossuary)
46 creatures vanquished.

Vanquished Creatures (others)
  An adder (D:7)
1 creature vanquished.

Grand Total: 303 creatures vanquished

Notes
Turn   | Place    | Note
--------------------------------------------------------------
     0 | D:1      | Oddball22 the Vine Stalker Necromancer began the quest for the Orb.
     0 | D:1      | Reached XP level 1. HP: 9/9 MP: 4/4
   175 | D:1      | Reached XP level 2. HP: 13/13 MP: 4/6
   781 | D:2      | Reached XP level 3. HP: 13/16 MP: 4/8
  1193 | D:3      | Reached skill level 3 in Spellcasting
  1213 | D:3      | Learned a level 1 spell: Animate Skeleton
  1217 | D:3      | Learned a level 3 spell: Vampiric Draining
  1221 | D:3      | Learned a level 3 spell: Regeneration
  1293 | D:3      | Noticed epen's ghost (amateur DrMo)
  1360 | D:3      | Gained mutation: Your system is resistant to poisons. [potion of beneficial mutation]
  1377 | D:3      | Noticed Natasha
  1426 | D:3      | Killed Natasha
  1426 | D:3      | Reached XP level 4. HP: 6/21 MP: 2/10
  1436 | D:3      | Noticed Natasha
  1441 | D:3      | Killed Natasha
  1500 | D:3      | Found a sacrificial altar of Ru.
  1506 | D:3      | Found an opulent altar of Gozag.
  1560 | D:3      | Reached XP level 5. HP: 17/24 MP: 5/11
  1632 | D:3      | Reached skill level 4 in Spellcasting
  1669 | D:3      | Noticed Natasha
  1730 | D:3      | Killed Natasha
  1730 | D:3      | Reached skill level 5 in Necromancy
  1898 | D:3      | Learned a level 4 spell: Animate Dead
  1946 | D:3      | Noticed Terence
  1962 | D:3      | Killed Terence
  1962 | D:3      | Gained mutation: You heal very quickly. [Vine Stalker growth]
  1962 | D:3      | Reached XP level 6. HP: 24/28 MP: 6/13
  2103 | D:3      | Noticed Sigmund
  2153 | D:3      | Noticed Grinder
  2189 | D:4      | Found Vepumev's Food Emporium.
  2475 | D:4      | Found a deep blue altar of Sif Muna.
  2491 | D:4      | Noticed a phantom
  2996 | D:3      | Killed Sigmund
  2996 | D:3      | Reached skill level 5 in Spellcasting
  2996 | D:3      | Reached XP level 7. HP: 21/32 MP: 7/15
  3178 | D:4      | Learned a level 4 spell: Control Undead
  3538 | D:5      | Entered Level 5 of the Dungeon
  3622 | D:5      | Reached skill level 6 in Spellcasting
  3953 | D:5      | Found a staircase to the Ecumenical Temple.
  3967 | Temple   | Entered the Ecumenical Temple
  4024 | Temple   | Became a worshipper of Kikubaaqudgha
  4230 | D:5      | Noticed Crazy Yiuf
  4238 | D:5      | Killed Crazy Yiuf
  4634 | D:3      | Killed Grinder
  4634 | D:3      | Reached skill level 7 in Spellcasting
  4634 | D:3      | Gained mutation: You have razor-sharp teeth. [Vine Stalker growth]
  4634 | D:3      | Reached XP level 8. HP: 22/36 MP: 10/20
  4737 | D:3      | Killed epen's ghost
  4737 | D:3      | Reached skill level 8 in Spellcasting
  4800 | D:3      | Learned a level 3 spell: Call Canine Familiar
  4923 | D:6      | Reached skill level 1 in Summonings
  5217 | D:6      | Found a sand-covered staircase.
  5224 | Ossuary  | Entered an ossuary
  5976 | D:6      | Reached XP level 9. HP: 13/39 MP: 3/22
  6389 | D:7      | Reached * piety under Kikubaaqudgha
  6389 | D:7      | Received a gift from Kikubaaqudgha
  6392 | D:7      | Identified Kikubaaqudgha's Volume of Evil (Kikubaaqudgha gifted it to you on level 7 of the Dungeon)
  6435 | D:7      | Learned a level 2 spell: Corpse Rot
  6438 | D:7      | Learned a level 2 spell: Sublimation of Blood
  6476 | D:7      | Reached skill level 5 in Summonings
  6790 | D:7      | Reached skill level 5 in Dodging
  7325 | D:8      | Reached XP level 10. HP: 13/44 MP: 6/23
  7534 | D:8      | Found a shattered altar of Ashenzari.
  7574 | D:8      | Reached ** piety under Kikubaaqudgha
  7611 | D:8      | Found a stormy altar of Qazlal.
  7645 | D:8      | Found a staircase to the Lair.
  7928 | D:8      | Found a glowing silver altar of Zin.
  7928 | D:8      | Found an iron altar of Okawaru.
  8021 | Lair:1   | Entered Level 1 of the Lair of Beasts
  8161 | D:9      | Found a shadowy altar of Dithmenos.
  8178 | D:9      | Found a basalt altar of Yredelemnul.
  8380 | D:9      | Found a sparkling altar of Nemelex Xobeh.
  8737 | D:10     | Entered Level 10 of the Dungeon
  8777 | D:10     | Reached skill level 1 in Fighting
  8803 | D:10     | Reached skill level 9 in Spellcasting
  8899 | D:10     | Noticed a hill giant
  8917 | D:10     | Killed a hill giant
  9209 | D:10     | Found an ancient bone altar of Kikubaaqudgha.
  9600 | D:10     | Reached *** piety under Kikubaaqudgha
  9600 | D:10     | Received a gift from Kikubaaqudgha
  9610 | D:10     | Identified Kikubaaqudgha's Incunabulum of Unholy Arts (Kikubaaqudgha gifted it to you on level 10 of the Dungeon)
  9791 | D:11     | Reached XP level 11. HP: 40/53 MP: 8/25
 10104 | Lair:1   | Reached skill level 10 in Spellcasting
 10674 | Lair:1   | Reached **** piety under Kikubaaqudgha
 11051 | Lair:2   | Noticed Harold
 11176 | Lair:2   | Noticed a five-headed hydra
 11180 | Lair:2   | Killed Harold
 11184 | Lair:2   | Killed a five-headed hydra
 11281 | Lair:2   | Learned a level 5 spell: Cigotuvi's Embrace
 11341 | Lair:2   | Reached skill level 11 in Spellcasting
 11584 | Lair:2   | Noticed Erica
 11610 | Lair:2   | HP: 1/53 [something (4)]
 11615 | Lair:1   | HP: 1/79 [poisoned by Erica (bolt of poison)]
 11615 | Lair:1   | Killed from afar by Erica

Vault maps used:
D:1:      mrwooster_arrival_statue_3
D:2:      first_bread, minmay_tree_intersection
D:3:      nicolae_overflow_hidden_temple, minmay_crystal_room,
          minmay_misc_feat_four_crosses, uniq_terence, uniq_sigmund,
          uniq_grinder, uniq_natasha
D:4:      lemuel_doored_altar, serial_shops, shop
D:5:      minmay_temple_entry_statues_pillars, lightli_corner_chamber,
          uniq_crazy_yiuf_cottage
D:6:      nicolae_ossuary_entry_ruins, grunt_ministairs_8, serial_bayou_lagoon_a
D:7:      grunt_livestock
D:8:      nicolae_qazlal_general_emergency, cheibrodos_ashenzari_chains,
          gammafunk_temple_overflow_wave, minmay_misc_feat_more_columns,
          minmay_misc_feat_tiny
D:9:      grunt_dithmenos_smoke, overflow_temple_1_default, old_standard_altar
D:10:     basic_altar, lightli_orcish_oven
D:11:     david_orc_4, nicolae_trove_entry_crossroad, uniq_grum, uniq_maurice
Temple:   chambers_temple_10
Lair:1:   lemuel_fruit_tree
Lair:2:   basic_altar, uniq_erica, uniq_harold
Ossuary:  ossuary_tomb_3

Skill      XL: |  1  2  3  4  5  6  7  8  9 10 11 |
---------------+----------------------------------+-----
Spellcasting   | 3 4 5 7 8 9 11 | 11.2
Dodging        | 2 3 4 5 6 7 |  7.3
Necromancy     | 5 6 8 9 |  9.6
Summonings     | 3 6 |  6.0
Fighting       | 3 |  3.7
Stealth        | |  2.4
Unarmed Combat | |  0.6

Action                   |  1- 3 |  4- 6 |  7- 9 | 10-12 || total
-------------------------+-------+-------+-------+-------++-------
Melee: Unarmed           |    30 |       |       |       ||    30
       Dagger            |     5 |   102 |     1 |       ||   108
       Scythe            |       |       |    37 |       ||    37
       Quarterstaff      |       |       |   247 |   419 ||   666
 Fire: Blowgun           |     1 |    24 |    23 |     6 ||    54
 Cast: Pain              |    47 |    34 |    54 |     9 ||   144
       Vampiric Draining |       |     2 |    13 |     9 ||    24
       Animate Dead      |       |     1 |     1 |     4 ||     6
       Regeneration      |       |       |     2 |     5 ||     7
       Call Canine Famil |       |       |    15 |    45 ||    60
Invok: Receive Corpses   |       |       |       |     1 ||     1
  Use: Scroll            |     6 |     1 |     4 |     8 ||    19
       Potion            |     4 |       |       |     1 ||     5
 Stab: Sleeping          |     2 |     3 |     7 |     4 ||    16
       Distracted        |       |       |     1 |     8 ||     9
       Petrifying        |       |       |     1 |     4 ||     5
       Paralysed         |       |       |       |     4 ||     4
  Eat: Chunk             |     1 |     6 |    13 |    15 ||    35
       Fruit             |       |       |     2 |       ||     2
